[Event "*** MasterClass Titled Tuesday Blitz"]
[Site "Chess.com"]
[Date "2017.10.03"]
[Round "9"]
[White "severomorskij"]
[Black "NTBT_DHS"]
[Result "1-0"]
[WhiteElo "2662"]
[BlackElo "2513"]
[TimeControl "180+2"]
[EndTime "15:05:38 PDT"]
[Termination "severomorskij won by resignation"]

1. d4 Nf6 2. c4 g6 3. Nc3 Bg7 4. e4 O-O 5. Bd3 c5 6. d5 e6 7. Nge2 exd5 8. exd5 d6 9. Bg5 Nbd7 10.
f4 Qe7 11. O-O a6 12. a4 Re8 13. Kh1 Qf8 14. Ng3 h6 15. Bh4 Nh7 16. h3 f5 17. Qd2 Ndf6 18. a5 Bd7 19. Na4 Bxa4 20. Rxa4 Ne4 21. Nxe4 fxe4 22. Be2 Bf6 23. Bf2 Qg7 24.
Bg4 Nf8 25. Be3 Bxb2 26. f5 g5 27. Ra2 Bc3 28. Qc1 Bf6 29. Bh5 Re7 30. Qb1 Rb8 31. Ra3 Nd7 32. Rb3 Nf8 33. Qc2 Bd4 34. Bxd4 cxd4 35.
f6 d3 36. fxg7 dxc2 37. gxf8=Q+ Rxf8 38. Rxf8+ Kxf8 39. Rc3 Kg7 40. Rxc2 Kf6 41. c5 dxc5 42. Rxc5 Ke5 43. Bg6 e3 44. Kg1 Kd4 45. Rc1 e2 46.
Kf2 Kxd5 47. Bh5 Kd4 48. Bxe2 Re5 49. Rb1 Rf5+ 50. Bf3 Rxa5 51. Rxb7 Ra2+ 52. Kg3 a5 53. Rh7 a4 54. Rxh6 a3 55. Rd6+ Ke5 56. Rd5+ Kf6 57. Ra5 Ra1 58. Kg4 a2 59. Ra6+ Ke5 60. Kxg5 Kd4 61. h4 Kc5 62. h5 Kb5 63. Ra8 Kb4 64.
h6 Kb3 65. Bd5+ Kb2 66. Rxa2+ Rxa2 67. Bxa2 Kxa2 1-0

[Event "*** MasterClass Titled Tuesday Blitz"]
[Site "Chess.com"]
[Date "2017.10.03"]
[Round "9"]
[White "BillCoe"]
[Black "Laico"]
[Result "1-0"]
[WhiteElo "1984"]
[BlackElo "2121"]
[TimeControl "180+2"]
[EndTime "15:05:49 PDT"]
[Termination "BillCoe won on time"]

1. e4 e6 2. d4 d5 3. Nd2 Nf6 4. e5 Nfd7 5. Bd3 c5 6. c3 Nc6 7. Ne2 cxd4 8. cxd4 f6 9. exf6 Nxf6 10. O-O Bd6 11. Nf3 Qc7 12. Bg5 O-O 13. Bh4 Nh5 14. Bg3 Nxg3 15. hxg3 g6 16. a3 Qg7 17. Rc1 Bc7 18.
b4 Bb6 19. Bb5 Bd7 20. Qd3 a6 21. Bxc6 Bxc6 22. Qe3 Rae8 23. Ne5 Bb5 24. Rfe1 Rf5 25. Nf4 a5 26. Rcd1 axb4 27. axb4 Bc7 28. Nfd3 Ref8 29. f3 Bb6 30. Nc5 Re8 31. g4 Rff8 32. Kh1 Kh8 33.
Qg5 Bd8 34. Qe3 b6 35. Ncd3 Bc7 36. g3 Bd6 37. Kg2 Ra8 38. Rd2 Rfc8 39. Nf4 Qf6 40. g5 Qxg5 41. Nxe6 Qe7 42. Nf4 Kg8 43. Nxd5 Qb7 44.
Nf6+ Kg7 45. Nfg4 Bxb4 46. Qh6+ Kg8 47. Nf6+ Kh8 48. Ned7 Qxd7 49. Nxd7 Bxd7 50. Re7 Bxe7 51. Qe3 Bf6 52. d5 Re8 53. Qf4 Kg7 54. Qd6 Re7 55.
Qxb6 Rae8 56. Qa6 Rf7 57. d6 Bg5 58. f4 Bf6 59. Qd3 Rc8 60. Qb3 Rc6 61. Qb7 Bc3 62.
Rc2 Kf6 63. Qb3 1-0

[Event "*** MasterClass Titled Tuesday Blitz"]
[Site "Chess.com"]
[Date "2017.10.03"]
[Round "9"]
[White "Noukii"]
[Black "VladimirBelous"]
[Result "0-1"]
[WhiteElo "2690"]
[BlackElo "2658"]
[TimeControl "180+2"]
[EndTime "15:06:09 PDT"]
[Termination "VladimirBelous won by resignation"]

1. d4 Nf6 2. Nf3 g6 3. Bg5 Bg7 4. c3 d6 5. Nbd2 O-O 6. e4 h6 7.
Bh4 Nh5 8. Be2 Nc6 9. O-O g5 10. Bg3 Nxg3 11. hxg3 e5 12. dxe5 dxe5 13. Nc4 Be6 14. Ne3 Qxd1 15. Rfxd1 Rad8 16. Bc4 Bxc4 17. Nxc4 f6 18. g4 Kf7 19. Kf1 Rfe8 20. Ke2 Bf8 21. Ne3 Ne7 22. Rxd8 Rxd8 23. Rd1 Rc8 24. Nh2 Ke6 25.
Nhf1 Ng6 26. Nf5 h5 27. gxh5 Nf4+ 28. Kf3 Nxh5 29. g3 Ng7 30. N1e3 Ne8 31. Kg4 Bc5 32.
Rh1 Bxe3 33. fxe3 Nd6 34. Nxd6 cxd6 35. Rh7 Rc4 36. Kf3 g4+ 37. Kxg4 Rxe4+ 38. Kf3 Ra4 39. a3 b6 40. e4 d5 41. exd5+ Kxd5 42. Rf7 Ke6 43.
Rc7 Kf5 44. Rg7 b5 45. Rb7 a6 46. Rb6 Kg5 47. Re6 Kg6 48. Rb6 Kf5 49. Rc6 e4+ 50. Ke3 Kg5 51. Rc8 Kg4 52. Rg8+ Kf5 53. g4+ Ke5 54.
Re8+ Kd5 55. Rd8+ Ke5 56. Rc8 Kd5 57. Kf4 e3+ 58. Kxe3 Rxg4 59. Ra8 Rg2 60. b4 Rg3+ 61. Kd2 Kc4 62. Rxa6 Rd3+ 63. Ke2 Rxc3 64. Rxf6 Rxa3 65.
Rf4+ Kc3 66. Rh4 Ra2+ 67. Kd1 Ra1+ 68. Ke2 Rb1 69. Rh3+ Kc2 70. Rh4 Rb3 71. Rg4 Kc3 72.
Rg1 Rb2+ 73. Ke3 Kxb4 74. Kd3 Kb3 75. Rg3 b4 76. Rh3 Rb1 77. Kd4+ Ka2 78. Kc4 b3 79. Kb4 Rg1 80. Rh8 b2 81. Ra8+ Kb1 82. Kc3 Rg3+ 83. Kd2 Rg2+ 84. Kd1 Rg7 85. Rd8 Ra7 0-1

[Event "*** MasterClass Titled Tuesday Blitz"]
[Site "Chess.com"]
[Date "2017.10.03"]
[Round "9"]
[White "GrigorGrigorov"]
[Black "Hrant_ChessMood"]
[Result "1-0"]
[WhiteElo "2742"]
[BlackElo "2739"]
[TimeControl "180+2"]
[EndTime "15:06:16 PDT"]
[Termination "GrigorGrigorov won by resignation"]

1. d4 d5 2. c4 e6 3. Nc3 Nf6 4. cxd5 Nxd5 5. Nf3 Nxc3 6. bxc3 c5 7. e4 cxd4 8. cxd4 Bb4+ 9. Bd2 Bxd2+ 10. Qxd2 O-O 11.
Bc4 Nd7 12. O-O b6 13. Rfe1 Bb7 14. Rad1 Rc8 15. Bb3 Re8 16. h4 h6 17. Qf4 Qc7 18.
Qe3 Nf6 19. Rc1 Qb8 20. Bc2 Rc7 21. Bb1 Rec8 22. Rxc7 Qxc7 23. Ne5 Nd7 24. Nd3 Qd6 25. Nf4 e5 26. dxe5 Nxe5 27. Qg3 Qe7 28. Nh5 g6 29. Nf4 Kg7 30. Rd1 Kh7 31. h5 g5 32.
Nd5 Qe6 33. Qa3 Kh8 34. Qxa7 Bxd5 35. exd5 Qd6 36. Qa4 Kg7 37. Qe4 Rh8 38. Re1 Nd7 39. Rc1 Nf6 40. Qd4 Qxd5 41. Qxb6 Qd2 42. Qc5 Rb8 43. Qc2 Qd4 44. Rd1 Qe5 45. Qf5 Qc3 46. g3 Rb2 47. Qd3 Qc5 48. Qe3 Qxe3 49. fxe3 Ng4 50. a4 Ne5 51. Bf5 Nf3+ 52. Kf1 Nh2+ 53. Kg1 Nf3+ 54. Kf1 Ra2 55. Bd7 Nh2+ 56. Kg1 Nf3+ 57.
Kf1 Nd2+ 58. Ke2 Ne4+ 59. Kf1 Nxg3+ 60. Kg1 Nxh5 61. Bc6 Nf6 62. Rd8 Ng4 63. Ra8 Ne5 64. Bd5 g4 65. Bxa2 h5 66. Bd5 h4 67. a5 h3 68. Kh2 f5 69. Kg3 Nf3 70. Bxf3 gxf3 71.
Kxf3 1-0

[Event "*** MasterClass Titled Tuesday Blitz"]
[Site "Chess.com"]
[Date "2017.10.03"]
[Round "9"]
[White "mazetofonias"]
[Black "ChessQueen"]
[Result "0-1"]
[WhiteElo "2500"]
[BlackElo "2598"]
[TimeControl "180+2"]
[EndTime "15:06:35 PDT"]
[Termination "ChessQueen won by resignation"]

1. d4 Nf6 2. Nf3 e6 3. Bg5 h6 4. Bh4 g5 5. Bg3 Ne4 6. Nbd2 Nxg3 7. hxg3 Bg7 8. e4 d6 9. c3 Nd7 10. Bd3 c5 11. Qe2 Qc7 12. dxc5 Nxc5 13. Bc2 Bd7 14. Nc4 O-O-O 15. O-O-O Bc6 16. Kb1 d5 17. exd5 Bxd5 18. Ne3 Bc6 19. g4 Kb8 20. Qc4 Nd7 21. Nd4 Ne5 22. Nxc6+ Qxc6 23. Qxc6 Nxc6 24. Rxd8+ Rxd8 25. Rd1 Rxd1+ 26. Bxd1 Kc7 27. Kc2 Ne5 28. Kd2 b5 29. Ke2 a6 30. Bc2 Kd6 31. f3 Kc5 32. Be4 a5 33. a3 Nd7 34. Bd3 Nb6 35. Kd2 Be5 36. Kc2 a4 37. Kd1 Bf4 38. Nf1 Nc4 39. Kc2 f6 40. Bh7 Kd6 41. Bd3 Kc5 42. Bh7 Bc7 43. Bg8 Kd6 44. Bh7 Ke5 45. Be4 f5 46. Bc6 Nd6 47.
Bd7 fxg4 48. fxg4 Bb6 49. Kd3 Kd5 50. Nd2 e5 51. b3 axb3 52. Nxb3 e4+ 53. Ke2 Kc4 54. Nd2+ Kxc3 55. Bc6 Kd4 56. Nb3+ Ke5 57. a4 bxa4 58. Bxa4 Kf4 59. Bd7 Nc4 60. Nd2 Nd6 61.
Be6 Nb5 62. Bd7 Nc3+ 63. Kf1 e3 64. Nf3 e2+ 65. Ke1 Ke3 66. Ng1 Ba5 67. Nxe2 Nxe2+ 68. Kf1 Bc7 69. Bc8 Bh2 70. Bd7 Ng3+ 71. Ke1 Bg1 72.
Be6 Bf2+ 73. Kd1 Ne4 74. Bf5 Nc3+ 75. Kc2 Ne2 76. Bc8 Bh4 77. Kd1 Nf4 78. Bb7 Kf2 79. Kd2 Nxg2 80. Kd3 Ne3 81. Bc8 Kf3 82. Kd4 Kf4 83. Kd3 Nxg4 84. Ke2 Ne3 85. Bb7 g4 0-1

[Event "*** MasterClass Titled Tuesday Blitz"]
[Site "Chess.com"]
[Date "2017.10.03"]
[Round "9"]
[White "Alexander_Moskalenko"]
[Black "GeorgMeier"]
[Result "1-0"]
[WhiteElo "2651"]
[BlackElo "2768"]
[TimeControl "180+2"]
[EndTime "15:06:41 PDT"]
[Termination "Alexander_Moskalenko won by checkmate"]

1. d4 e6 2. c4 Nf6 3. Nf3 d5 4.
Nc3 dxc4 5. e3 a6 6. Bxc4 b5 7. Be2 Bb7 8. O-O Nbd7 9. b3 c5 10. Bb2 Rc8 11. a4 b4 12. Nb1 Be7 13. Nbd2 O-O 14.
Nc4 Qc7 15. Rc1 Rfd8 16. Qd2 Ne4 17. Qc2 Bd5 18. Rfd1 Qb7 19. Ne1 cxd4 20. Bxd4 Bf6 21. Qb2 Bxc4 22. Bxf6 Ndxf6 23. Bxc4 a5 24. f3 Nc3 25.
Rxd8+ Rxd8 26. Nd3 Qc7 27. Re1 Nd7 28. Qf2 Nb6 29.
Nb2 Qd6 30. Qh4 h6 31. Bf1 Qd5 32. Nc4 Nxc4 33. Bxc4 Qg5 34. Qf2 Rd6 35. h4 Qd8 36.
Qg3 Rd2 37. Kh2 Kf8 38. Qf4 Qd6 39. Kg3 Ke7 40. h5 Qc5 41. Qh4+ Kf8 42. Kh2 Qe5+ 43. Kh1 Qg5 44. Qh2 Qd8 45. Qf4 Kg8 46. Kh2 Qd6 47. Kg3 Qd8 48. Kh3 Rb2 49. e4 Qd2 50. Qg3 Qd8 51. Rg1 Rd2 52. Qe5 Kf8 53. Qc5+ Kg8 54. Rf1 Rc2 55. Qe5 Qd2 56. Qb8+ Kh7 57. Qg3 Qg5 58. Qxg5 hxg5 59. f4 gxf4 60. Rxf4 Kg8 61.
Bd3 Rb2 62. Bc4 Rd2 63. e5 Rd1 64. g4 Re1 65. Rd4 Rxe5 66. Rd8+ Kh7 67. Kh4 g5+ 68. Kg3 Kg7 69. Rd7 Ne4+ 70. Kf3 Nc3 71. Ra7 Ne4 72. Bd3 Nf6 73. Bg6 Nd5 74. Rxf7+ Kg8 75. Ra7 Re3+ 76. Kf2 Rxb3 77. h6 Rh3 78. Ra8# 1-0

[Event "*** MasterClass Titled Tuesday Blitz"]
[Site "Chess.com"]
[Date "2017.10.03"]
[Round "9"]
[White "Indianlad"]
[Black "swayamsm"]
[Result "1/2-1/2"]
[WhiteElo "2593"]
[BlackElo "2494"]
[TimeControl "180+2"]
[EndTime "15:06:43 PDT"]
[Termination "Game drawn - insufficient material"]

1. e4 e5 2. Nc3 Nf6 3. Nf3 Nc6 4. Bb5 Nd4 5. Bc4 Nxf3+ 6. Qxf3 c6 7. d3 Be7 8. h3 O-O 9. O-O b5 10. Bb3 a5 11. a4 b4 12. Ne2 d5 13. Ng3 Bb7 14. Re1 Qc7 15. Nf5 Rfe8 16. Bg5 Rad8 17. Rad1 Bc8 18. Nxe7+ Qxe7 19. exd5 cxd5 20. Bxf6 Qxf6 21.
Bxd5 Qxf3 22. Bxf3 Bd7 23. b3 Rc8 24. Rd2 Kf8 25.
Bd1 Bf5 26. Rde2 f6 27. f3 Red8 28. Kf2 g5 29. h4 gxh4 30. f4 exf4 31. Re7 Re8 32.
Rxe8+ Rxe8 33. Rh1 h3 34. gxh3 Re3 35. Bf3 Ke7 36. Rg1 Kd6 37. Rg7 Re7 38. Rg8 Rc7 39.
Bd1 Bxh3 40. Kf3 Ke5 41. Re8+ Be6 42. d4+ Kd5 43. Kxf4 Bd7 44. Ra8 Kxd4 45. Rxa5 Be6 46. Ra6 Re7 47. Bg4 Bxg4 48. Kxg4 Rc7 49. Rb6 Kc3 50.
a5 Rc5 51. a6 Ra5 52. Rc6+ Kb2 53. Kh4 h5 54. Kg3 f5 55. Rc4 Ka3 56. Rc6 Kb2 57.
Rc4 Ka3 58. c3 Kxb3 59. cxb4 Rxa6 60. Rc5 Rg6+ 61. Kh4 Rf6 62. Kg5 Rf8 63. Rxf5 Rxf5+ 64. Kxf5 Kxb4 65. Kg5 h4 66. Kg4 Kc3 67. Kf3 Kd4 68.
Kg4 Kd3 69. Kh3 Ke2 70. Kxh4 1/2-1/2

[Event "*** MasterClass Titled Tuesday Blitz"]
[Site "Chess.com"]
[Date "2017.10.03"]
[Round "10"]
[White "pastouche06"]
[Black "Lawliet64"]
[Result "0-1"]
[WhiteElo "2263"]
[BlackElo "2075"]
[TimeControl "180+2"]
[EndTime "15:10:19 PDT"]
[Termination "Lawliet64 won by resignation"]

1. e4 c5 2. Nf3 d6 3. d4 cxd4 4.
Nxd4 Nf6 5. Nc3 a6 6. Bg5 e6 7. f4 Be7 8. Qf3 Qc7 9. O-O-O O-O 10. g4 Nc6 11. h4 Nxd4 12. Rxd4 b5 13. Bg2 Bb7 14.
Rhd1 Rac8 15. Qg3 b4 16. Rxb4 d5 17. Rxb7 Qxb7 18. exd5 Nxd5 19. Bxe7 Qxe7 20. Nxd5 exd5 21.
Bxd5 Rfd8 22. c4 Qe2 23. Qg1 Rxd5 0-1

[Event "*** MasterClass Titled Tuesday Blitz"]
[Site "Chess.com"]
[Date "2017.10.03"]
[Round "10"]
[White "fidetrainerNET"]
[Black "Quiet_Desperation"]
[Result "0-1"]
[WhiteElo "2046"]
[BlackElo "2288"]
[TimeControl "180+2"]
[EndTime "15:10:47 PDT"]
[Termination "Quiet_Desperation won by checkmate"]

1. f4 d5 2. d4 c5 3. dxc5 Nc6 4. e4 d4 5. c3 e5 6. Bb5 Bxc5 7. Nf3 Bg4 8. fxe5 Ne7 9. cxd4 Bxf3 10. gxf3 Bxd4 11.
f4 Qa5+ 12. Nc3 Bxc3+ 13. bxc3 Qxb5 14. Ba3 Qc4 15. Qf3 O-O-O 16. Rg1 Rd3 17. Qg4+ Kb8 18. Qxg7 Qxe4+ 19. Kf2 Rd2+ 20. Kg3 Nf5+ 21. Kh3 Nxg7 22. Rxg7 Qf3+ 23. Kh4 Qxf4+ 24. Kh5 Rxh2# 0-1

[Event "*** MasterClass Titled Tuesday Blitz"]
[Site "Chess.com"]
[Date "2017.10.03"]
[Round "10"]
[White "BogdanDeac"]
[Black "guilhermedeola"]
[Result "1-0"]
[WhiteElo "2611"]
[BlackElo "2085"]
[TimeControl "180+2"]
[EndTime "15:11:01 PDT"]
[Termination "BogdanDeac won by checkmate"]

1. d4 g6 2. e4 Bg7 3. Nc3 c5 4. dxc5 Nc6 5. Be3 Qa5 6. Qd2 Bxc3 7. Qxc3 Qxc3+ 8. bxc3 Nf6 9. f3 O-O 10. Bb5 Ne8 11. Ne2 Nc7 12. Ba4 Rd8 13. Nf4 d6 14.
O-O-O dxc5 15. Bxc6 Rxd1+ 16. Rxd1 bxc6 17. Rd8+ Kg7 18. Bxc5 g5 19. Nh5+ Kh6 20. Ng3 Ne6 21.
Nf5+ Kg6 22. Rg8+ Kf6 23. Bxe7+ Ke5 24. Bd6+ Kf6 25. g4 Bb7 26. e5# 1-0

[Event "*** MasterClass Titled Tuesday Blitz"]
[Site "Chess.com"]
[Date "2017.10.03"]
[Round "10"]
[White "kleinebeer98"]
[Black "Diwi89"]
[Result "0-1"]
[WhiteElo "2498"]
[BlackElo "2537"]
[TimeControl "180+2"]
[EndTime "15:11:21 PDT"]
[Termination "Diwi89 won by checkmate"]

1. e4 c6 2. d4 d5 3. f3 e5 4. dxe5 Bc5 5. Nc3 Qb6 6. Na4 Bf2+ 7. Ke2 Qd4 8. Qxd4 Bxd4 9. exd5 Bxe5 10. f4 Bc7 11. dxc6 Nxc6 12. c3 Nf6 13. g3 Bg4+ 14. Kf2 O-O-O 15. Be2 h5 16. Be3 Rhe8 17. Re1 Bxe2 18. Rxe2 Ng4+ 19. Kf3 Rd3 20. Rg2 Rexe3# 0-1

[Event "*** MasterClass Titled Tuesday Blitz"]
[Site "Chess.com"]
[Date "2017.10.03"]
[Round "10"]
[White "petrpalachev"]
[Black "Sven_Tica"]
[Result "1/2-1/2"]
[WhiteElo "2597"]
[BlackElo "2460"]
[TimeControl "180+2"]
[EndTime "15:11:39 PDT"]
[Termination "Game drawn by agreement"]

1. Nf3 Nf6 2. g3 b6 3. Bg2 Bb7 4. O-O c5 5. c4 g6 6. b3 Bg7 7.
Bb2 O-O 8. Nc3 d5 9. Nxd5 Nxd5 10. Bxg7 Kxg7 11. cxd5 Qxd5 12. d4 cxd4 13. Qxd4+ Qxd4 14. Nxd4 Bxg2 15. Kxg2 Na6 16. Rfd1 Kf6 17. Nc6 Rfc8 18. Rac1 Nc5 19. Nd4 Ne6 20. Nxe6 Kxe6 21. Kf3 a5 22. a4 Rc5 23. Ke3 Rac8 24. Rxc5 Rxc5 25. h4 Re5+ 26. Kf3 Rd5 27. Rxd5 Kxd5 28. Ke3 e5 29. Kd3 1/2-1/2

[Event "*** MasterClass Titled Tuesday Blitz"]
[Site "Chess.com"]
[Date "2017.10.03"]
[Round "10"]
[White "Kirill_Klukin"]
[Black "Indianlad"]
[Result "0-1"]
[WhiteElo "2480"]
[BlackElo "2599"]
[TimeControl "180+2"]
[EndTime "15:11:52 PDT"]
[Termination "Indianlad won by resignation"]

1. d4 d5 2. Nf3 c6 3. c4 e6 4. e3 Nf6 5. Nbd2 Nbd7 6. Bd3 g6 7. O-O Bg7 8. b3 O-O 9. Bb2 b6 10. Rc1 Bb7 11. cxd5 exd5 12. Qe2 a5 13. a4 Re8 14.
Ne5 Nxe5 15. dxe5 Nd7 16. f4 Nc5 17. Bc2 Ba6 18. Qf2 Bxf1 19. Qxf1 f6 20. Nf3 fxe5 21. Nxe5 Qd6 22. h4 Nd7 23. h5 Nxe5 24. fxe5 Bxe5 25.
Bxe5 Rxe5 26. hxg6 hxg6 27. Qf4 Rf8 28. Qh6 Rf6 29. Bd3 Rh5 0-1

[Event "*** MasterClass Titled Tuesday Blitz"]
[Site "Chess.com"]
[Date "2017.10.03"]
[Round "10"]
[White "GameOverBro"]
[Black "Dhaydon19"]
[Result "0-1"]
[WhiteElo "2308"]
[BlackElo "2459"]
[TimeControl "180+2"]
[EndTime "15:12:14 PDT"]
[Termination "Dhaydon19 won by resignation"]

1. e4 c5 2. Ne2 d6 3. g3 Nf6 4. Bg2 g6 5. O-O Bg7 6. c3 O-O 7. d4 cxd4 8. cxd4 Nc6 9. Nbc3 e5 10. d5 Ne7 11. a4 Bd7 12. a5 Nh5 13. Qb3 b5 14. axb6 Qxb6 15. Qxb6 axb6 16. Be3 b5 17. Na2 f5 18. f3 fxe4 19. fxe4 Rxf1+ 20. Bxf1 Nf6 21. Bg2 Bg4 22. Nec1 Bd1 23. b4 Bc2 24. Bg5 h6 25. Bxf6 Bxf6 26. Kf2 Bg5 27. Ne2 Bb3 28. Nec3 Bd2 29.
Nxb5 Rxa2 30. Rxa2 Bxa2 31. Nxd6 Bxb4 32. Nb5 Nc8 33.
Bh3 Nd6 34. Be6+ Kg7 35. Na7 Bc5+ 36. Kf3 Bxa7 0-1

[Event "*** MasterClass Titled Tuesday Blitz"]
[Site "Chess.com"]
[Date "2017.10.03"]
[Round "10"]
[White "saraswathii"]
[Black "Induwara_IM"]
[Result "0-1"]
[WhiteElo "2272"]
[BlackElo "2458"]
[TimeControl "180+2"]
[EndTime "15:12:24 PDT"]
[Termination "Induwara_IM won by resignation"]

1. d4 Nf6 2. Bf4 d6 3. e3 Nbd7 4. Nf3 g6 5. Be2 Bg7 6. h3 O-O 7. O-O b6 8. c4 Bb7 9. Nc3 Ne4 10. Qc2 f5 11. Rfd1 Qe8 12. a4 e5 13. dxe5 dxe5 14. Bh2 Nxc3 15. bxc3 Nc5 16. a5 h6 17. axb6 axb6 18. Rxa8 Bxa8 19. Ra1 Be4 20. Qd1 f4 21.
exf4 exf4 22. Nd4 g5 23. Bf3 Bxf3 24. Qxf3 Qe4 25. Qxe4 Nxe4 26. Ne6 Nxc3 27. Kf1 Rf7 28.
Ra8+ Kh7 29. Ra7 Be5 30. Ke1 Re7 31. Nd8 Bf6+ 32. Kf1 Rd7 0-1

[Event "*** MasterClass Titled Tuesday Blitz"]
[Site "Chess.com"]
[Date "2017.10.03"]
[Round "10"]
[White "jefferyx"]
[Black "GrigorGrigorov"]
[Result "1/2-1/2"]
[WhiteElo "2782"]
[BlackElo "2743"]
[TimeControl "180+2"]
[EndTime "15:12:26 PDT"]
[Termination "Game drawn by agreement"]

1. d4 Nf6 2. c4 e6 3. Nf3 b6 4. g3 Bb7 5. Bg2 Be7 6. O-O O-O 7.
Re1 Ne4 8. Bf4 d5 9. cxd5 exd5 10. Nc3 c5 11. Qc2 Nc6 12. Red1 Nxd4 13. Nxd4 cxd4 14. Nxe4 dxe4 15. Bxe4 Bxe4 16. Qxe4 Bf6 17. e3 Re8 18. Qf3 d3 19. e4 Qd4 20. Rxd3 Qxe4 21. Qxe4 Rxe4 22.
Rc1 1/2-1/2

[Event "*** MasterClass Titled Tuesday Blitz"]
[Site "Chess.com"]
[Date "2017.10.03"]
[Round "10"]
[White "SabinaFoisor"]
[Black "pandamaster3000"]
[Result "0-1"]
[WhiteElo "2324"]
[BlackElo "2202"]
[TimeControl "180+2"]
[EndTime "15:12:31 PDT"]
[Termination "pandamaster3000 won on time"]

1. d4 Nf6 2. c4 g6 3. Nf3 Bg7 4. Nc3 O-O 5. Bg5 d6 6. e3 Nbd7 7. Be2 h6 8. Bh4 c6 9. O-O Re8 10. Qc2 Qc7 11. Rfd1 e5 12. b4 a5 13.
a3 Nf8 14. Bxf6 Bxf6 15. Ne4 Bg7 16. dxe5 dxe5 17. Nd6 Rd8 18. c5 Ne6 19. Ne4 Bd7 20. h3 Nf8 21. Bc4 Bf5 0-1

[Event "*** MasterClass Titled Tuesday Blitz"]
[Site "Chess.com"]
[Date "2017.10.03"]
[Round "10"]
[White "Buffy7"]
[Black "IMVoja"]
[Result "1-0"]
[WhiteElo "2476"]
[BlackElo "2410"]
[TimeControl "180+2"]
[EndTime "15:12:41 PDT"]
[Termination "Buffy7 won by resignation"]

1. Nf3 Nf6 2. d4 g6 3. e3 Bg7 4. Be2 d6 5. O-O O-O 6. c4 Nbd7 7. Nc3 e5 8. Qc2 c6 9. b3 Re8 10. dxe5 Nxe5 11. Bb2 Bg4 12. Nxe5 dxe5 13. Bxg4 Nxg4 14. h3 Nf6 15. Rad1 Qe7 16. Rd2 Rad8 17. Rfd1 h6 18. a3 a5 19. Na4 b5 20. cxb5 cxb5 21. Nc5 Rxd2 22. Rxd2 b4 23. axb4 axb4 24. Ne4 Nxe4 25. Qxe4 Rd8 26. Rxd8+ Qxd8 27. Qxb4 Qd1+ 28. Kh2 Qe2 29.
Qb8+ Kh7 30. Bxe5 Qxf2 31. Bxg7 Kxg7 32. Qf4 Qe2 33. b4 h5 34. Qe5+ Kg8 35. b5 Qc4 36. b6 1-0

[Event "*** MasterClass Titled Tuesday Blitz"]
[Site "Chess.com"]
[Date "2017.10.03"]
[Round "10"]
[White "JSPrepz"]
[Black "mazetofonias"]
[Result "1-0"]
[WhiteElo "2538"]
[BlackElo "2493"]
[TimeControl "180+2"]
[EndTime "15:13:02 PDT"]
[Termination "JSPrepz won by checkmate"]

1. e4 c5 2. Nf3 d6 3. Nc3 a6 4. a4 Nf6 5. e5 dxe5 6. Nxe5 Nbd7 7. Nc4 Nb6 8. a5 Nxc4 9. Bxc4 Bf5 10. Qf3 Qd7 11.
O-O e6 12. d3 Be7 13. h3 O-O 14. Na4 Rad8 15. Nb6 Qc7 16. Bf4 Bd6 17. Bg5 Be7 18.
Rae1 Bg6 19. Bh4 Rfe8 20. Bg3 Bd6 21. Bh4 Be7 22. Bg3 Bd6 23. Bxd6 Rxd6 24. Re3 Nd7 25.
Nd5 Qxa5 26. Rfe1 Qd8 27. Nf4 Nf6 28. g4 b5 29. Bb3 Qc8 30. g5 Nd7 31. h4 c4 32. Ba2 Bf5 33. h5 Qd8 34. Qg3 cxd3 35. g6 hxg6 36. hxg6 d2 37. gxf7+ Kxf7 38. Rd1 Nf8 39.
Nh5 Ng6 40. Re5 Bxc2 41. f3 Bxd1 42. Rf5+ Qf6 43. Rxf6+ gxf6 44. Qxd6 Bxf3 45. Qd7+ Re7 46. Bxe6+ Kf8 47. Qd8+ Re8 48. Qxf6# 1-0

[Event "*** MasterClass Titled Tuesday Blitz"]
[Site "Chess.com"]
[Date "2017.10.03"]
[Round "10"]
[White "SCIM"]
[Black "SergeiAza"]
[Result "0-1"]
[WhiteElo "2454"]
[BlackElo "2709"]
[TimeControl "180+2"]
[EndTime "15:13:21 PDT"]
[Termination "SergeiAza won by resignation"]

1. d4 Nf6 2. c4 e6 3. Nc3 Bb4 4. Qc2 b6 5. e4 c5 6. d5 O-O 7. e5 Ng4 8. Nf3 exd5 9. cxd5 Nxe5 10. Nxe5 Re8 11. f4 d6 12. Bd3 Qh4+ 13. g3 Qh3 14. Be3 dxe5 15. O-O-O Bg4 16. Rdf1 Nd7 17. Ne4 c4 18.
Bxc4 Rac8 19. Nf2 Qh5 20. h3 Bf5 21. Qb3 Qe2 0-1

[Event "*** MasterClass Titled Tuesday Blitz"]
[Site "Chess.com"]
[Date "2017.10.03"]
[Round "10"]
[White "ehrenfeld"]
[Black "MatthewG-p4p"]
[Result "1-0"]
[WhiteElo "2351"]
[BlackElo "2574"]
[TimeControl "180+2"]
[EndTime "15:13:27 PDT"]
[Termination "ehrenfeld won by resignation"]

1. e4 c5 2. Nf3 e6 3. d3 Nc6 4.
g3 g6 5. Bg2 Bg7 6. O-O Nf6 7.
c3 d5 8. e5 Nd7 9. d4 O-O 10.
Na3 a5 11. Nc2 b5 12. h4 Ba6 13. Re1 Rb8 14. h5 b4 15. Ne3 Qc7 16. Ng4 bxc3 17. bxc3 cxd4 18. cxd4 Nb4 19. Bh6 Qc2 20. Bxg7 Kxg7 21.
h6+ Kh8 22. a3 Qxd1 23. Rexd1 Nc6 24. Bf1 Bxf1 25. Kxf1 Rb3 26. Kg2 Nb6 27. Rab1 Rxb1 28.
Rxb1 Nc4 29. Rb7 Nd8 30. Ra7 Nc6 31. Rc7 Nd8 32. Ng5 Nxa3 33. Nf6 Nb5 34. Rd7 a4 35.
Rxd8 1-0

[Event "*** MasterClass Titled Tuesday Blitz"]
[Site "Chess.com"]
[Date "2017.10.03"]
[Round "10"]
[White "Tesla37"]
[Black "Cruel_Yaro"]
[Result "0-1"]
[WhiteElo "2667"]
[BlackElo "2717"]
[TimeControl "180+2"]
[EndTime "15:14:02 PDT"]
[Termination "Cruel_Yaro won by resignation"]

1. e4 a6 2. Nf3 c6 3. d4 d5 4. Nc3 dxe4 5. Nxe4 Nf6 6. Nxf6+ exf6 7. Bc4 Bd6 8. O-O O-O 9. a4 Nd7 10. a5 Re8 11. Be3 Nf8 12. Qd2 Bg4 13. Nh4 Qc7 14. g3 Bh3 15. Rfe1 Rad8 16. c3 Be6 17. Bf1 g5 18. Nf3 Bd5 19. Bg2 Ng6 20. h3 h6 21.
Qc2 Be4 22. Qb3 f5 23. Bd2 Bxg3 24. Qb6 Qb8 25. Re2 Bxf3 26. Bxf3 Nh4 27. Rxe8+ Rxe8 28.
Bg2 Bxf2+ 29. Kxf2 Nxg2 30. Rh1 Nh4 31. d5 Qe5 32.
Qe3 Qb8 33. Qd3 cxd5 34. Be3 Qe5 35. Bd4 Qf4+ 0-1

[Event "*** MasterClass Titled Tuesday Blitz"]
[Site "Chess.com"]
[Date "2017.10.03"]
[Round "10"]
[White "Bad4life"]
[Black "PowerThinking2650"]
[Result "1-0"]
[WhiteElo "2204"]
[BlackElo "2136"]
[TimeControl "180+2"]
[EndTime "15:14:15 PDT"]
[Termination "Bad4life won on time"]

1. e4 e5 2. Nf3 Nc6 3. Bc4 Nf6 4. d3 Be7 5. a4 O-O 6. O-O d6 7. a5 Be6 8. Nc3 d5 9. exd5 Nxd5 10. Ne4 h6 11. a6 b6 12. Re1 Qd7 13. Bb5 f6 14. d4 Rad8 15. c4 Ndb4 16. d5 Qe8 17. Qa4 Bg4 18.
Bxc6 Qg6 19. Qb3 f5 20. d6 cxd6 21. Qxb4 fxe4 22. Bd5+ Kh8 23. Bxe4 Qh5 24. Ra3 Rf7 25. Bd5 1-0

[Event "*** MasterClass Titled Tuesday Blitz"]
[Site "Chess.com"]
[Date "2017.10.03"]
[Round "10"]
[White "calemcc"]
[Black "rickkrewson"]
[Result "0-1"]
[WhiteElo "2162"]
[BlackElo "1784"]
[TimeControl "180+2"]
[EndTime "15:14:15 PDT"]
[Termination "rickkrewson won by resignation"]

1. d4 Nc6 2. d5 Ne5 3. Bf4 d6 4.
e4 Ng6 5. Bg3 e5 6. dxe6 Bxe6 7.
c4 Nf6 8. Nc3 Be7 9. Nf3 O-O 10.
Be2 Re8 11. O-O Nh5 12. Nd4 Nxg3 13. Nxe6 Nxe2+ 14. Nxe2 fxe6 15. Nd4 Qd7 16. Qg4 Bf6 17.
Rad1 Re7 18. f4 Bxd4+ 19. Rxd4 e5 20. Qxd7 Rxd7 21. fxe5 Nxe5 22. c5 Rf8 23. Rfd1 Rfd8 24. Rb4 b6 25. Ra4 a5 26. cxb6 cxb6 27. b4 Nc6 28. bxa5 bxa5 29. Rd5 Rb7 30. Rc4 Rb6 31. h3 Kf7 32. Kh2 Ke6 33. Rd2 Rf8 34. Rdc2 Ne5 35. Ra4 Rb5 36. Rc7 Rf7 37. Rc2 Nd3 38. Rd4 Nc5 39. Rd5 Rfb7 40. Rg5 g6 41. Rc4 Rb4 42. Rc3 Nxe4 43. Ra3 Nxg5 0-1